 Dungeon Crawl Stone Soup version 0.27-a0-1500-g450c7e4133 (webtiles) character file.

Game seed: 11660781890949273798

1 Sobieck the Chopper (level 1, -1/20 HPs)
             Began as a Hill Orc Monk on July 7, 2021.
             Slain by a gnoll (3 damage)
             ... on level 1 of the Dungeon.
             The game lasted 00:00:21 (240 turns).

Sobieck the Chopper (Hill Orc Monk)                  Turns: 240, Time: 00:00:21

Health: -1/20      AC:  2    Str: 13    XL:     1   Next: 20%
Magic:  1/1        EV: 12    Int: 10    God:
Gold:   0          SH:  0    Dex: 13    Spells: 0/0 levels left

rFire    . . .     SeeInvis .   a - +0 hand axe {axe}
rCold    . . .     Faith    .   (no shield)
rNeg     . . .     Spirit   .   b - +0 robe
rPois    .         Reflect  .   (no helmet)
rElec    .         Harm     .   (no cloak)
rCorr    .         Rampage  .   (no gloves)
Will     .....                  (no boots)
Stlth    ++........             (no amulet)
HPRegen  0.06/turn              (no ring)
MPRegen  0.07/turn              (no ring)

@: no status effects
A: no striking features
a: no special abilities


You were on level 1 of the Dungeon.
You visited 1 branch of the dungeon, and saw 1 of its levels.


   Skills:
 + Level 3.6 Fighting
 * Level 4.0 Axes
 + Level 2.4 Dodging
 - Level 1.5 Stealth


You couldn't memorise any spells.
You didn't know any spells.
Your spell library was empty.

Inventory:

Hand Weapons
 a - a +0 hand axe (weapon) {axe}
Armour
 b - a +0 robe (worn)

Dungeon Overview and Level Annotations

Branches:
Dungeon (1/15)

Altars:

#.###
#P...P.....P
#.#
#......P.P..
#.#
#..♣........
#.#
#.......P...
#.#
#......P....
#.#
....P......
#.# #.# #@#
#g#
######b####
#.!...g...#
#.........#
#.........#
#####.#####
... ...


You could see a gnoll, a hobgoblin and a bat.


Message History

🤖 Initializing magus.rc ...
Options error: Delay interrupt name "hungry" not recognised. (~/.crawlrc:4781) ✅ Successfully initialized magus.rc [v1.9.6] Welcome, Sobieck the Hill Orc Monk.
The bosom of this dungeon contains the awesome artefact, the Orb of Zot.
Press ? for a list of commands and other information.
Found a staircase leading out of the dungeon.
Setting a skill training target for Axes at 14.0.
A hobgoblin comes into view.
The hobgoblin shouts!
The hobgoblin hits you. 😕 HP[-1]
You take 1 damage, and now have 18/19 hp.
You closely miss the hobgoblin. The hobgoblin misses you.
You hit the hobgoblin but do no damage. The hobgoblin hits you. 😕 HP[-2]
You take 2 damage, and now have 16/19 hp.
You hit the hobgoblin. The hobgoblin barely misses you.
You hit the hobgoblin but do no damage. The hobgoblin hits you. 😮 HP[-5]
You take 5 damage, and now have 11/19 hp.
MASSIVE DAMAGE!! (PAUSE)
You are too injured to fight recklessly!
You are too injured to fight recklessly!
You barely miss the hobgoblin. The hobgoblin barely misses you.
You hit the hobgoblin but do no damage. The hobgoblin hits you.
* * * LOW HITPOINT WARNING * * *
😨 HP[-3]
You take 3 damage, and now have 8/19 hp.
You hit the hobgoblin.
You kill the hobgoblin!
You now have 20 max hp (+1).
You start resting. 😎 HP[+12]
Your hp is fully restored (20).
A gnoll comes into view. It is wielding a +0 club.
A hobgoblin comes into view.
The gnoll shouts!
The hobgoblin shouts!
You barely miss the gnoll. The gnoll barely misses you.
A bat comes into view.
You barely miss the gnoll.
The gnoll hits you with a +0 club. 😮 HP[-6]
You take 6 damage, and now have 14/20 hp.
MASSIVE DAMAGE!! (PAUSE)
The bat hits you but does no damage. The bat hits you. 😮 HP[-1]
You take 1 damage, and now have 13/20 hp.
There are monsters nearby!
The gnoll misses you.
You closely miss the gnoll. The gnoll barely misses you.
You hit the gnoll. The gnoll hits you with a +0 club.
* * * LOW HITPOINT WARNING * * *
😨 HP[-3]
You take 3 damage, and now have 10/20 hp.
You closely miss the gnoll. The gnoll hits you with a +0 club.
* * * LOW HITPOINT WARNING * * *
😱 HP[-5]
You take 5 damage, and now have 5/20 hp.
MASSIVE DAMAGE!! (PAUSE)
You hit the gnoll. The gnoll completely misses you.
The gnoll hits you with a +0 club.
* * * LOW HITPOINT WARNING * * *
😱 HP[-3]
You take 3 damage, and now have 2/20 hp.
You completely miss the gnoll. The gnoll hits you with a +0 club.
You die...

Action                   || total
-------------------------++-------
Melee: Hand axe          ||    14
Armor: Robe              ||     1
Dodge: Dodged            ||     7

Levels and vault maps discovered:
D:1:      wander_arrival_fairy_ring, layout_rooms, minmay_heptomino_w4

Notes
Turn   | Place    | Note
-------+----------+-------------------------------------------
     0 | D:1      | Sobieck the Hill Orc Monk began the quest for the Orb.
     0 | D:1      | Reached XP level 1. HP: 19/19 MP: 1/1
     0 | D:1      | magus.rc [v1.9.6]
   238 | D:1      | HP: 5/20 [gnoll (5)]
   239 | D:1      | HP: 2/20 [gnoll (3)]
   240 | D:1      | Slain by a gnoll

Vanquished Creatures
  A hobgoblin (D:1)
1 creature vanquished.

Table legend:
 A = Non-vault XP
 B = Vault XP
 C = Vault XP percentage of total XP
 D = Non-vault monster count
 E = Vault monster count
 F = Vault count percentage of total count
                 A         B        C        D         E       F
            +---------+---------+-------+---------+---------+-------
      Total |       2 |       0 |   0.0 |       1 |       0 |   0.0
            +---------+---------+-------+---------+---------+-------
        D:1 |       2 |       0 |   0.0 |       1 |       0 |   0.0
            +---------+---------+-------+---------+---------+-------

Illustrated notes

Table legend:
 A = Kills in this place as a percentage of kills in entire the game.
 B = Kills by you in this place as a percentage of kills by you in the entire game.
 C = Kills by friends in this place as a percentage of kills by friends in the entire game.
 D = Other kills in this place as a percentage of other kills in the entire game.
 E = Experience gained in this place as a percentage of experience gained in the entire game.
 F = Experience gained in this place divided by the number of levels of this place that you have seen.
                   A       B       C       D       E      F
               +-------+-------+-------+-------+-------+----------------------
         Total | 100.0 | 100.0 |   N/A |   N/A | 100.0 |   2.0
       Dungeon | 100.0 | 100.0 |   N/A |   N/A | 100.0 |   2.0
               +-------+-------+-------+-------+-------+----------------------

Table legend: (Time is in decaauts)
 A = Elapsed time spent in this place.
 B = Non-inter-level travel time spent in this place.
 C = Inter-level travel time spent in this place.
 D = Time resting spent in this place.
 E = Time spent auto-exploring this place.
 F = Levels seen in this place.
 G = Mean time per level.
                   A        B        C        D        E       F      G
               +--------+--------+--------+--------+--------+-----+--------+
         Total |    241 |    241 |      0 |    192 |     22 |   1 |  241.0 |
       Dungeon |    241 |    241 |      0 |    192 |     22 |   1 |  241.0 |
               +--------+--------+--------+--------+--------+-----+--------+

Top non-repeatable levels by time:
     D:1: 241 daAuts
